 Dungeon Crawl Stone Soup version 0.32-a0-699-g1ee5eff69a (webtiles) character file.

Game seed: 1385055529207919915

278 TheCrowQ the Chopper (level 6, -3/50 HPs)
             Began as a Coglin Reaver on Mar 13, 2024.
             Slain by an iguana (5 damage)
             ... on level 4 of the Dungeon.
             The game lasted 00:03:19 (1869 turns).

TheCrowQ the Chopper (Coglin Reaver)                Turns: 1869, Time: 00:03:20

Health: -3/50      AC:  4    Str: 11    XL:     6   Next: 26%
Magic:  8/8        EV: 11    Int: 11    God:
Gold:   176        SH:  0    Dex: 19    Spells: 7/8 levels left

rFire   . . .        a - +0 hand axe (spect) {Jacinta}
rCold   . . .        d - +1 hand axe (flame) {Santiago}
rNeg    . . .        b - +1 leather armour
rPois   .            (no helmet)
rElec   .            (no cloak)
rCorr   .            (no gloves)
SInv    .            (no boots)
Will    .....        (amulet unavailable)
Stlth   ++           (ring unavailable)
HPRegen 0.28/turn    (ring unavailable)
MPRegen 0.11/turn    (no gizmo)

%: no passive effects
@: weak-willed, revved
A: off-hand wielding, slow wielding, warmup strikes, no jewellery, agile 1,
robust 1
a: Invent Gizmo


You were on level 4 of the Dungeon.
You visited 1 branch of the dungeon, and saw 4 of its levels.

You collected 176 gold pieces.

Inventory:

Hand Weapons
 a - a +0 spectral hand axe (weapon) {Jacinta}
 c - a +0 dagger {Ning}
 d - a +1 hand axe of flaming (offhand) {Santiago}
Armour
 b - a +1 leather armour (worn)
Wands
 j - a wand of flame (7)
Scrolls
 e - a scroll of teleportation
 g - 2 scrolls of identify
 h - a scroll of revelation


   Skills:
 + Level 2.8 Fighting
 + Level 0.1 Short Blades
 + Level 4.7 Axes
 + Level 2.3 Armour
 + Level 2.2 Dodging
 + Level 1.5 Stealth
 + Level 1.8 Spellcasting
 + Level 3.1 Conjurations
 + Level 0.1 Evocations


You had 7 spell levels left.
You knew the following spells:

 Your Spells              Type           Power      Damage    Failure   Level
a - Kiss of Death         Conj/Necr      16%        2d6       21%         1

Your spell library contained the following spells:

 Spells                   Type           Power      Damage    Failure   Level
 Momentum Strike          Conj/Tloc      8%         3d8       30%         2
 Hailstorm                Conj/Ice       4%         3d5       52%         3
 Confusing Touch          Hex            1%         N/A       75%         3
 Dispel Undead            Necr           1%         3d6       98%         4


Dungeon Overview and Level Annotations

Branches:
Dungeon (4/15)
 Temple: D:4-7

Altars:
Wu Jian


Innate Abilities, Weirdness & Mutations

You can wield a second weapon in your off-hand.
It takes a long time for you to wield or remove held weapons.
Your first few attacks do less damage.
You cannot equip rings or amulets.
You are agile. (Dex +4, Str/Int -1)
You are robust. (+10% HP)


Message History

You hit the iguana but do no damage.
You hit the iguana with your +0 spectral hand axe.
Your +0 spectral hand axe {Jacinta} barely misses the iguana.
The iguana closely misses you.
You closely miss the iguana with your +1 hand axe of flaming.
The iguana is lightly wounded.
You hit the iguana with your +0 spectral hand axe.
Your +0 spectral hand axe {Jacinta} hits the iguana.
The iguana closely misses you. The iguana bites you!
You closely miss the iguana with your +1 hand axe of flaming.
The iguana is moderately wounded.
You hit the iguana with your +0 spectral hand axe.
Your +0 spectral hand axe {Jacinta} hits the iguana but does no damage.
The iguana bites you.
You are too injured to fight recklessly!
You are too injured to fight recklessly!
You are too injured to fight recklessly!
You are too injured to fight recklessly!
You barely miss the iguana with your +1 hand axe of flaming.
The iguana is heavily wounded.
You hit the iguana but do no damage.
Your +0 spectral hand axe {Jacinta} closely misses the iguana.
The iguana bites you!
* * * LOW HITPOINT WARNING * * *
You hit the iguana but do no damage.
The iguana is heavily wounded.
You hit the iguana with your +1 hand axe of flaming.
You burn the iguana.
Your +0 spectral hand axe {Jacinta} hits the iguana but does no damage.
The iguana closely misses your +0 spectral hand axe {Jacinta}.
You strike the helpless iguana from behind!
You hit the iguana but do no damage.
The iguana is heavily wounded.
You hit the iguana but do no damage.
Your +0 spectral hand axe {Jacinta} barely misses the iguana.
The iguana bites you!
* * * LOW HITPOINT WARNING * * *
Your +0 spectral hand axe {Jacinta} disappears.
The iguana attacks as it pursues you! The iguana bites you.
You die...

##. #.. ##.## #P.P#
######## ##≈.≈##
......### #
###≈≈.≈≈###......<.
..#P≈≈≈.≈≈≈P#l.#
#...........@.##
###P≈≈≈.≈≈≈P###
###≈≈.≈≈### ##≈.≈##
#P.P# #.....#
#.♣...♣.# #...ß...#
#.♣...♣.#


You could see an iguana.

Vanquished Creatures
  A steam dragon (D:4)
  A bullfrog (D:4)
  An orc priest (D:3)
  2 dart slugs (D:1)
  6 orcs (D:3)
  7 ball pythons
  3 endoplasms
  4 giant cockroaches
  5 goblins
  3 hobgoblins
  4 jackals (D:2)
  3 quokkas
  2 bats (D:2)
  4 frilled lizards
  2 kobolds (D:1)
  2 rats (D:3)
50 creatures vanquished.

Notes
Turn   | Place    | Note
-------+----------+-------------------------------------------
     0 | D:1      | TheCrowQ the Coglin Reaver began the quest for the Orb.
     0 | D:1      | Reached XP level 1. HP: 16/16 MP: 3/3
    79 | D:1      | Reached XP level 2. HP: 21/22 MP: 4/4
   622 | D:2      | Reached XP level 3. HP: 27/27 MP: 5/5
  1259 | D:3      | Reached skill level 1 in Armour
  1259 | D:3      | Reached XP level 4. HP: 3/34 MP: 6/6
  1421 | D:3      | Gained mutation: You are robust. (+10% HP) [potion of
                  | mutation]
  1421 | D:3      | Gained mutation: You are agile. (Dex +4, Str/Int -1)
                  | [potion of mutation]
  1442 | D:3      | Found an ornate altar of the Wu Jian Council.
  1646 | D:3      | Noticed a steam dragon
  1672 | D:4      | Reached skill level 4 in Axes
  1791 | D:4      | Noticed a bullfrog
  1800 | D:4      | Killed a bullfrog
  1801 | D:4      | Reached XP level 5. HP: 12/42 MP: 7/7
  1852 | D:4      | Killed a steam dragon
  1853 | D:4      | Reached skill level 1 in Stealth
  1853 | D:4      | Reached XP level 6. HP: 31/50 MP: 8/8
  1868 | D:4      | HP: 2/50 [iguana (7)]
  1869 | D:4      | Slain by an iguana

Illustrated notes

Levels and vault maps discovered:
D:1:      matt_arrival_los_fun, layout_rooms
D:2:      layout_basic, hex_tiny
D:3:      minmay_evil_eye, layout_basic, pdpol_wu_jian_five_deadly_venoms,
          chequers_ecumenical_altar_twisty
D:4:      layout_loops_ring, serial_glass, glass_columns_b, glass_columns_a,
          item_on_display_a, due_unseen_surprise, minmay_strange_pillars,
          dreamdust_princess_bridge

Skill      XL: |  1  2  3  4  5 |
---------------+----------------+-----
Conjurations   | 3 |  3.1
Dodging        | 2 |  2.2
Armour         | 1 2 |  2.3
Axes           | 4 |  4.7
Stealth        | 1 |  1.5
Fighting       | |  2.8
Short Blades   | |  0.1
Spellcasting   | |  1.8
Evocations     | |  0.1

Action                     |  1- 3 |  4- 6 || total
---------------------------+-------+-------++-------
  Melee: Dagger            |    11 |       ||    11
         Hand axe          |    79 |    66 ||   145
  Evoke: Wand              |       |     1 ||     1
    Use: Potion            |       |     8 ||     8
         Scroll            |       |     7 ||     7
   Stab: Sleeping          |       |     3 ||     3
         Distracted        |       |     2 ||     2
 Armour: Leather armour    |    39 |    33 ||    72
  Dodge: Dodged            |    22 |    18 ||    40

Table legend: (Time is in decaauts)
 A = Elapsed time spent in this place.
 B = Non-inter-level travel time spent in this place.
 C = Inter-level travel time spent in this place.
 D = Time resting spent in this place.
 E = Time spent auto-exploring this place.
 F = Levels seen in this place.
 G = Mean time per level.
                   A        B        C        D        E       F      G
               +--------+--------+--------+--------+--------+-----+--------+
         Total |   1878 |   1827 |     51 |      0 |   1502 |   4 |  469.5 |
       Dungeon |   1878 |   1827 |     51 |      0 |   1502 |   4 |  469.5 |
               +--------+--------+--------+--------+--------+-----+--------+

Top non-repeatable levels by time:
     D:2: 749 daAuts
     D:1: 497 daAuts
     D:3: 417 daAuts
     D:4: 213 daAuts
